 Dungeon Crawl Stone Soup version 0.29-a0-266-gf56f883ddd (webtiles) character file.

Game seed: 12898291752597375590

209814 Hofan the Imperceptible (level 18, 0/96 HPs)
             Began as a Spriggan Enchanter on Mar 5, 2022.
             Was the Champion of Dithmenos.
             Slain by a +2 scimitar of holy wrath (21 damage)
             ... on level 1 of the Elven Halls on Mar 6, 2022.
             The game lasted 02:36:57 (42370 turns).

Hofan the Imperceptible (Spriggan Enchanter)       Turns: 42370, Time: 02:36:58

Health: 0/96       AC: 11    Str: 10    XL:     18   Next: 54%
Magic:  40/40      EV: 30    Int: 22    God:    Dithmenos [******]
Gold:   2033       SH:  5    Dex: 18    Spells: 37/52 levels left

rFire   . . .      SeeInvis +   q - +2 dagger (vamp)
rCold   . . .      Faith    .   K - orb {guile}
rNeg    . . .      Spirit   .   U - +5 steam dragon scales
rPois   +          Reflect  +   (helmet restricted)
rElec   .          Harm     .   a - +0 cloak of Pandemonium {Rampage}
rCorr   .          Rampage  +   (gloves unavailable)
Will    +....                   (boots unavailable) Stlth *******+++
                                V - amulet of reflection
HPRegen 0.26/turn               I - ring of poison resistance
MPRegen 0.27/turn               B - +6 ring of intelligence

@: wreathed by umbra, very quick
A: very small, no large weapons, unfitting armour, see invisible, speed 3, wild
magic 1
a: Renounce Religion, Shadow Step, Shadow Form


You were on level 1 of the Elven Halls.
You worshipped Dithmenos.
Dithmenos was exalted by your worship.
You visited 8 branches of the dungeon, and saw 35 of its levels.
You also visited: Sewer and Ice Cave.

You collected 2953 gold pieces.
You spent 920 gold pieces at shops.

Inventory:

Hand Weapons
 q - a +2 vampiric dagger (weapon)
 u - a +5 dagger of pain
 L - a +2 rapier of speed
 X - a +2 rapier of electrocution
Missiles
 f - 62 poisoned darts (quivered)
 i - 4 throwing nets
Armour
 a - the +0 cloak of Pandemonium (worn) {Rampage}
   (You found it on level 7 of the Dungeon)

   Rampage:   It bestows one free step when moving towards enemies.
 K - an orb of guile (worn)
 T - a +2 robe of resistance
 U - +5 steam dragon scales (worn)
Jewellery
 j - the ring of the Coward {+Blink rF+ Dex-2 Stlth+}
   (You found it on level 3 of the Spider Nest)

   [ring of protection from fire]

   Dex:       It affects your dexterity (-2).
   rF:        It protects you from fire.
   +Blink:    It lets you blink.
   Stlth:     It makes you more stealthy.
 t - a ring of protection from fire
 x - a +4 ring of evasion
 B - a +6 ring of intelligence (right hand)
 C - a ring of resist corrosion
 I - a ring of poison resistance (left hand)
 O - a +6 ring of strength
 V - an amulet of reflection (around neck)
Wands
 n - a wand of mindburst (14)
 o - a wand of iceblast (32)
 w - a wand of polymorph (12)
 y - a wand of flame (35)
 z - a wand of digging (11)
 G - a wand of charming (5)
 R - a wand of paralysis (12)
 W - a wand of acid (7)
Scrolls
 h - 2 scrolls of blinking
 r - 11 scrolls of teleportation
 s - a scroll of immolation
 F - 3 scrolls of enchant armour
 H - 2 scrolls of magic mapping
 J - 4 scrolls of enchant weapon
 N - a scroll of fog
 P - 4 scrolls of fear
 Q - 10 scrolls of identify
Potions
 c - a potion of invisibility
 d - 3 potions of mutation
 e - 4 potions of berserk rage
 g - 3 potions of brilliance
 l - 2 potions of haste
 m - 4 potions of might
 p - a potion of cancellation
 v - 2 potions of magic
 D - 2 potions of ambrosia
 E - 2 potions of flight
 M - 7 potions of curing
Miscellaneous
 b - a condenser vane (inert)


   Skills:
 + Level 11.1 Fighting
 - Level 12.0 Short Blades
 + Level 17.0 Dodging
 + Level 24.6 Stealth
 + Level 17.6 Spellcasting
 * Level 19.3 Hexes
 - Level 3.0 Earth Magic


You had 37 spell levels left.
You knew the following spells:

 Your Spells              Type           Power      Damage    Failure   Level
a - Ensorcelled Hibernat  Hex/Ice        100%       N/A       1%          2
b - Tukima's Dance        Hex            94%        N/A       1%          3
c - Dazzling Flash        Conj/Hex       100%       N/A       1%          3
d - Confusing Touch       Hex            94%        N/A       1%          3
e - Apportation           Tloc           50%        N/A       4%          1
f - Stone Arrow           Conj/Erth      66%        3d11      8%          3

Your spell library contained the following spells:

 Spells                   Type           Power      Damage    Failure   Level
 Sandblast                Erth           84%        2d18      1%          1
 Slow                     Hex            100%       N/A       1%          1
 Inner Flame              Hex/Fire       69%        N/A       1%          3
 Portal Projectile        Hex/Tloc       100%       N/A       1%          3
 Leda's Liquefaction      Hex/Erth       36%        N/A       1%          4
 Yara's Violent Unravell  Hex/Tmut       34%        3d14      3%          5
 Foxfire                  Conj/Fire      100%       2x1d9     4%          1
 Magic Dart               Conj           100%       1d8       4%          1
 Pain                     Necr           100%       1d9       4%          1
 Sting                    Tmut/Pois      100%       1d8       4%          1
 Passwall                 Tmut/Erth      27%        N/A       4%          2
 Call Imp                 Summ           25%        N/A       7%          2
 Poisonous Vapours        Pois/Air       50%        N/A       7%          2
 Scorch                   Fire           50%        2d7       7%          2
 Static Discharge         Conj/Air       25%        N/A       7%          2
 Sublimation of Blood     Necr           25%        N/A       7%          2
 Wereblood                Tmut           25%        N/A       7%          2
 Call Canine Familiar     Summ           25%        N/A       13%         3
 Conjure Flame            Conj/Fire      25%        6-21      13%         3
 Gell's Gravitas          Tloc           25%        N/A       13%         3
 Ignite Poison            Fire/Tmut/Pois 25%        N/A       13%         3
 Lesser Beckoning         Tloc           25%        N/A       13%         3
 Mephitic Cloud           Conj/Pois/Air  25%        N/A       13%         3
 Teleport Other           Tloc           25%        N/A       13%         3
 Vampiric Draining        Necr           25%        2d7       13%         3
 Airstrike                Air            12%        N/A       36%         4
 Animate Dead             Necr           12%        N/A       36%         4
 Flame Wave               Conj/Fire      25%        2d7       36%         4
 Iskenderun's Mystic Bla  Conj/Tloc      25%        2d7       36%         4
 Olgreb's Toxic Radiance  Pois           25%        N/A       36%         4
 Passage of Golubria      Tloc           25%        N/A       36%         4
 Sticky Flame             Conj/Fire      25%        2d5       36%         4
 Summon Lightning Spire   Summ/Air       25%        N/A       36%         4
 Agony                    Necr           25%        N/A       69%         5
 Alistair's Intoxication  Tmut/Pois      16%        N/A       69%         5
 Blade Hands              Tmut           12%        N/A       69%         5
 Excruciating Wounds      Necr           12%        N/A       69%         5
 Fireball                 Conj/Fire      12%        3d7       69%         5
 Irradiate                Conj/Tmut      12%        3d17      69%         5
 Lightning Bolt           Conj/Air       12%        1d26      69%         5
 Summon Forest            Summ/Tloc      12%        N/A       69%         5
 Statue Form              Tmut/Erth      22%        N/A       96%         6
 Eringya's Noxious Bog    Tmut/Pois      12%        N/A       99%         6
 Starburst                Conj/Fire      12%        6d5       99%         6
 Summon Cactus Giant      Summ           12%        N/A       99%         6
 Dragon Form              Tmut           12%        N/A       100%        7
 Haunt                    Necr/Summ      12%        N/A       100%        7
 Summon Hydra             Summ           12%        N/A       100%        7
 Ignition                 Fire           12%        3d6       100%        8
 Infestation              Necr           12%        N/A       100%        8
 Lehudib's Crystal Spear  Conj/Erth      16%        10d5      100%        8
 Maxwell's Capacitive Co  Air            12%        ∞         100%        8


Dungeon Overview and Level Annotations

Branches:
Dungeon (15/15)            Temple (1/1) D:4            Lair (6/6) D:9
 Shoals (4/4) Lair:3       Spider (4/4) Lair:4        Slime (0/5) Lair:6
    Orc (2/2) D:9             Elf (1/3) Orc:2        Vaults (0/5) D:14
 Depths (2/4) D:15          Sewer (visited)           IceCv (visited)

Altars:
Ashenzari
Cheibriados
Dithmenos
Elyvilon
Fedhas
Gozag
Hepliaklqana
Kikubaaqudgha
Makhleb
Nemelex Xobeh
Okawaru
Qazlal
Ru
Sif Muna
Trog
Uskayaw
Vehumet
Wu Jian
Xom
Yredelemnul
Zin
The Shining One
Beogh
Jiyva

Shops:
D:3 :   D:15 (   Orc:2 ?[!:   Shoals:1 **   Depths:1 !

Portals:
Hell: Depths:1

Annotations:
D:14 exclusion: ice statue
Lair:4 exclusion: orange crystal statue
Shoals:2 1 runed translucent door, Celuu's ghost, adept MiBe


Innate Abilities, Weirdness & Mutations

You are very small and have problems with some larger weapons.
You are too small for most types of armour.
You have supernaturally acute eyesight. (SInv)
You cover ground extremely quickly. (Speed+++)
Your spells are a little harder to cast, but a little more powerful.


Message History

Flame seeps out of the orc knight.
The orc knight is moderately wounded.
The fiery explosion engulfs the orc!!!
Dithmenos accepts your kill.
The orc explodes!
Dithmenos accepts your kill.
You feel a bit more experienced.
The fiery explosion engulfs the orc!!!
You kill the orc!
Dithmenos accepts your kill.
You hear an explosion!
The orc priest explodes!
The fiery explosion engulfs the orc knight!!!
Flame seeps out of the orc knight.
The orc knight is almost dead.
A deep elf knight comes into view. It is wielding a +4 short sword.
The +2 scimitar of holy wrath is engulfed in blazing flames.
You hear a shout!
You hear a deafening roar!
A deep elf knight comes into view. It is wielding a +0 short sword.
Unknown command.
Unknown command.
Unknown command.
Unknown command.
Found a +0 dagger and 30 gold pieces.
The air elemental fires a burst of electricity at you.
The stunning burst hits you.
You suddenly lose the ability to move!
The air elemental is engulfed in blazing flames.
The deep elf high priest calls down the wrath of its god upon you.
Something smites you!
The orc knight is engulfed in blazing flames.
Flame seeps out of the orc knight.
The +2 scimitar of holy wrath barely misses you.
You can move again.
Clouds of noxious fumes condense around you!
The condenser dries out!
The air elemental is engulfed in blazing flames. x2
The air elemental fires a burst of electricity at you.
The stunning burst hits you!!
You shrug off the repeated paralysis!
* * * LOW HITPOINT WARNING * * *
The +2 scimitar of holy wrath hits you!!
You die...

#.# #.## #.#
#§§#e.#e. #.#
#)# 8§e§§e§§.
#.# #.#
8§oo§§e§. #.#
#.###e§#§§#§.
#.#
#.##8§§o§§§o
####.## #.#
8§§§§) #......
#.###(E#++#++
####.##
###.§§@§§§.....
#.##
+...§####.....#
#... ###...#
...## ####
###.# .## #)# #
#.# #.# #.# #.#
#


You could see an orc knight (inner flame), a deep elf archer (inner flame,
repels missiles), 2 deep elf knights, a deep elf high priest, a deep elf
pyromancer, a deep elf zephyrmancer (inner flame), an air elemental, an orc
sorcerer (inner flame), a +2 scimitar of holy wrath, an orc wizard (inner flame)
and an orc.

Vanquished Creatures
  Bai Suzhen (Shoals:3)
  Arachne (Spider:2)
  Jorgrun (Orc:2)
  A tentacled monstrosity (Depths:2)
  Mlioglotl (Spider:2)
  Asterion (Spider:1)
  Agnes (Elf:1)
  Polyphemus (Shoals:3)
  Frances (Spider:1)
  A tengu reaver (Depths:2)
  Kirke (Spider:1)
  Roxanne (Spider:2)
  A balrug (Orc:1)
  Louise (Spider:2)
  2 frost giants
  4 emperor scorpions
  A broodmother (Spider:1)
  2 ghost moths (Spider:2)
  5 very ugly things (Depths:1)
  3 stone giants
  A vampire knight (Depths:2)
  A dire elephant (D:15)
  2 entropy weavers (Spider:1)
  6 spark wasps
  A deep elf death mage (Elf:1)
  2 merfolk javelineers
  2 ettins
  2 merfolk impalers (Shoals:2)
  Fannar (D:12)
  4 fire dragons
  Harold (D:8)
  Josephine (Orc:2)
  An ice dragon (Depths:2)
  3 radroaches
  6 hydras
  A spriggan air mage (Depths:2)
  4 ogre magi
  2 merfolk aquamancers (D:15)
  Erolcha (Orc:2)
  4 centaur warriors
  11 boulder beetles
  2 catoblepae
  3 merfolk avatars
  A dancing weapon (Elf:1)
  An alligator (shapeshifter) (D:13)
  8 death yaks
  4 deep troll shamans
  3 tengu warriors
  6 two-headed ogres
  A vampire mage (Depths:1)
  2 deep troll earth magi (Depths:1)
  2 soul eaters (Depths:1)
  6 deep elf knights (Elf:1)
  Nergalle (Orc:2)
  3 sun demons (Depths:1)
  5 pharaoh ants
  5 deep trolls (Depths:1)
  3 goliath frogs (Lair:6)
  7 sea snakes
  A sun moth (Spider:3)
  11 orb spiders
  A sea snake (shapeshifter) (Depths:2)
  A steelbarb worm (Spider:3)
  A deep elf archer (Elf:1)
  3 wizards
  Pikel (D:4)
  4 deep elf pyromancers
  21 harpies
  4 orc knights
  7 deep elf zephyrmancers
  24 ugly things
  A faun (Shoals:1)
  13 wolf spiders
  9 orc sorcerers
  10 manticores
  6 cyclopes
  3 moths of wrath
  2 black mambas
  3 merfolk sirens
  Joseph (D:8)
  11 elephants
  5 water nymphs
  2 smoke demons (Depths:1)
  A torpor snail (Spider:2)
  2 gargoyles
  Maggie (Lair:2)
  3 ice statues (IceCv)
  14 cane toads
  A rime drake (Lair:4)
  An unseen horror (D:12)
  6 komodo dragons
  A kobold demonologist (D:12)
  2 tengu conjurers
  An anaconda simulacrum (IceCv)
  A freezing wraith (D:15)
  6 demonic crawlers
  An entropy weaver simulacrum (IceCv)
  16 merfolk
  7 trolls
  5 meliai
  2 polar bears
  3 wind drakes
  Prince Ribbit (D:7)
  Grinder (D:6)
  17 blink frogs
  10 slime creatures
  2 snapping turtles
  2 tyrant leeches (Lair:6)
  7 dream sheep
  12 tarantellas
  16 jumping spiders
  12 culicivoras
  A shadow (D:10)
  A jumping spider (shapeshifter) (Elf:1)
  32 yaks
  An air elemental (Elf:1)
  A centaur simulacrum (D:15)
  7 water elementals
  3 wyverns
  A fire elemental (Depths:1)
  4 wraiths
  A wyvern (shapeshifter) (D:14)
  A vampire (D:13)
  Grum (D:10)
  2 steam dragons (D:7)
  4 basilisks
  A death yak simulacrum (IceCv)
  4 hogs (Spider:1)
  10 vampire mosquitoes
  46 redbacks
  7 wargs
  4 acid dragons
  Duvessa (D:5)
  10 water moccasins
  3 sky beasts
  25 orc warriors
  4 ice beasts
  2 black bears
  2 wolves (D:10)
  17 centaurs
  13 ogres
  2 phantoms
  3 kobold brigands
  12 bullfrogs
  A necrophage (D:5)
  3 cane toad simulacra (IceCv)
  A scorpion (D:4)
  Dowan (D:5)
  20 killer bees
  4 howler monkeys
  6 electric eels
  5 jellies
  13 orc priests
  A gnoll shaman (D:5)
  5 hounds
  An iguana (D:6)
  Natasha (thrice) (D:2)
  34 orc wizards
  7 hell rats
  3 polar bear simulacra (IceCv)
  Robin (D:4)
  9 adders
  4 gnolls
  11 river rats
  A shadow imp (D:6)
  13 white imps
  An ufetubus (D:6)
  A worm (D:5)
  A dart slug (D:3)
  64 orcs
  15 ball pythons
  8 endoplasms
  8 giant cockroaches
  12 goblins
  11 hobgoblins
  6 jackals
  3 quokkas
  6 bats
  8 frilled lizards
  24 kobolds
  9 rats
1000 creatures vanquished.

Vanquished Creatures (collateral kills)
  A hell knight (Depths:1)
  A faun (Shoals:1)
  A merfolk (Shoals:3)
  An orc warrior (D:10)
  4 wights (D:5)
  2 orc wizards
  2 gnolls (D:5)
  An ufetubus (D:5)
  10 orcs
23 creatures vanquished.

Vanquished Creatures (others)
  An unseen horror (D:12)
  A meliai (Spider:2)
  9 dancing weapons
  A human (Spider:1)
  A kobold brigand (Sewer)
  An orc priest (Elf:1)
  An orc wizard (Orc:2)
  An orc (Elf:1)
  26 fungi
  134 plants
176 creatures vanquished.

Grand Total: 1199 creatures vanquished

Notes
Turn   | Place    | Note
-------+----------+-------------------------------------------
     0 | D:1      | Hofan the Spriggan Enchanter began the quest for the Orb.
     0 | D:1      | Reached XP level 1. HP: 9/9 MP: 5/5
   130 | D:1      | Reached XP level 2. HP: 3/13 MP: 7/7
   133 | D:1      | Learned a level 2 spell: Ensorcelled Hibernation
   595 | D:1      | Found a faded altar of an unknown god.
  1231 | D:1      | Reached XP level 3. HP: 16/16 MP: 9/9
  1235 | D:1      | Learned a level 3 spell: Tukima's Dance
  1239 | D:1      | Learned a level 3 spell: Confusing Touch
  1630 | D:1      | Found a faded altar of an unknown god.
  1712 | D:2      | Noticed an ogre
  1794 | D:2      | Noticed Natasha
  1802 | D:2      | Killed Natasha
  1803 | D:2      | Reached XP level 4. HP: 9/21 MP: 0/11
  1821 | D:2      | Noticed Natasha
  2084 | D:2      | Reached skill level 5 in Hexes
  2396 | D:2      | Found a glowing golden altar of the Shining One.
  2838 | D:2      | Killed Natasha
  2895 | D:2      | Noticed Natasha
  2908 | D:2      | Killed Natasha
  2909 | D:2      | Reached skill level 5 in Spellcasting
  2909 | D:2      | Reached XP level 5. HP: 10/24 MP: 5/13
  3521 | D:3      | Found Jaurgh's Book Emporium.
  4209 | D:4      | Found a staircase to the Ecumenical Temple.
  4212 | D:4      | Noticed Robin
  4212 | D:4      | Noticed a lemure
  4213 | D:4      | Noticed Pikel
  4213 | D:4      | Noticed a lemure
  4213 | D:4      | Noticed a lemure
  4214 | D:4      | Noticed a lemure
  4274 | D:4      | Reached skill level 5 in Stealth
  4293 | D:4      | Found a glowing drain.
  4371 | Sewer    | Entered a sewer
  5006 | Sewer    | Reached XP level 6. HP: 16/28 MP: 7/15
  5290 | D:4      | Reached skill level 6 in Stealth
  5674 | Temple   | Entered the Ecumenical Temple
  5833 | Temple   | Became a worshipper of Dithmenos the Shadowed
  5908 | D:4      | Killed Pikel
  5909 | D:4      | Reached skill level 7 in Stealth
  5909 | D:4      | Reached XP level 7. HP: 14/32 MP: 11/18
  6399 | D:4      | Found a staircase to the Ecumenical Temple.
  6506 | D:4      | Killed Robin
  6507 | D:4      | Reached skill level 8 in Stealth
  6954 | D:5      | Entered Level 5 of the Dungeon
  7057 | D:5      | Reached XP level 8. HP: 36/36 MP: 17/20
  7364 | D:5      | Noticed a +0 hand axe
  7365 | D:5      | Noticed a +0 dagger
  7367 | D:5      | Found a hide-covered altar of Uskayaw.
  7460 | D:5      | Noticed Dowan
  7487 | D:5      | Reached skill level 9 in Stealth
  7540 | D:5      | Noticed Duvessa
  7570 | D:5      | Killed Duvessa
  7575 | D:5      | Killed Dowan
  7575 | D:5      | Reached * piety under Dithmenos
  7917 | D:5      | Reached skill level 10 in Stealth
  8260 | D:5      | Reached XP level 9. HP: 39/39 MP: 19/23
  8489 | D:5      | Learned a level 3 spell: Dazzling Flash
  9038 | D:6      | Noticed Grinder
  9067 | D:6      | Killed Grinder
  9068 | D:6      | Reached skill level 1 in Fighting
  9091 | D:6      | Reached skill level 11 in Stealth
  9604 | D:6      | Reached ** piety under Dithmenos
 10340 | D:7      | Reached skill level 10 in Hexes
 10423 | D:7      | Reached skill level 5 in Dodging
 10565 | D:7      | Noticed Prince Ribbit
 10572 | D:7      | Killed Prince Ribbit
 10573 | D:7      | Reached XP level 10. HP: 47/47 MP: 24/24
 10620 | D:7      | Reached skill level 10 in Spellcasting
 10925 | D:7      | Reached skill level 12 in Stealth
 11468 | D:7      | Identified the +0 cloak of Pandemonium {Rampage}
 11525 | D:8      | Noticed Joseph
 11530 | D:8      | Noticed Harold
 11894 | D:8      | Reached *** piety under Dithmenos
 12001 | D:7      | Reached skill level 18 in Stealth
 12001 | D:7      | Reached XP level 11. HP: 52/52 MP: 26/26
 12002 | D:7      | Reached skill level 20 in Stealth
 12002 | D:7      | Reached XP level 12. HP: 56/56 MP: 27/27
 12042 | D:8      | Killed Harold
 12350 | D:8      | You fall into a shaft and drop 3 floors!
 12447 | D:10     | Entered Level 10 of the Dungeon
 12459 | D:10     | Noticed Grum
 12461 | D:10     | Noticed a boulder beetle
 12588 | D:11     | Noticed an eight-headed hydra
 12770 | D:11     | Noticed an ogre mage
 12840 | D:11     | Killed an eight-headed hydra
 12907 | D:11     | Noticed a two-headed ogre
 13105 | D:9      | Found a staircase to the Orcish Mines.
 13209 | D:8      | Killed Joseph
 13443 | D:9      | Reached **** piety under Dithmenos
 13636 | D:9      | Found a staircase to the Lair.
 14225 | D:9      | Noticed a two-headed ogre
 14232 | D:9      | Killed a two-headed ogre
 14434 | D:10     | Killed a boulder beetle
 14435 | D:10     | Reached XP level 13. HP: 63/63 MP: 21/29
 14564 | D:10     | Killed Grum
 15816 | D:11     | Gained mutation: Your spells are a little harder to cast,
                  | but a little more powerful. [potion of mutation]
 16166 | D:12     | Reached skill level 5 in Fighting
 16212 | D:12     | Noticed Fannar
 16788 | D:12     | Reached ***** piety under Dithmenos
 17115 | D:12     | Identified the +5 long sword "Gulorunapp" {flame, rElec rF+
                  | Will+ Str+3 Int-2}
 17555 | D:13     | Reached skill level 10 in Short Blades
 18376 | D:12     | Killed Fannar
 18440 | D:14     | Found Tiyvonuj's Assorted Antiques.
 18577 | D:14     | Reached skill level 10 in Dodging
 18729 | D:14     | Found a gate to the Vaults.
 18764 | D:14     | Reached XP level 14. HP: 70/70 MP: 31/31
 19389 | Lair:1   | Entered Level 1 of the Lair of Beasts
 19458 | Lair:1   | You fall into a shaft and drop 1 floor!
 19519 | Lair:2   | Found a frozen archway.
 19533 | IceCv    | Entered an ice cave
 19611 | IceCv    | Identified the amulet "Uhaofapa" {Spirit rF- Regen+ Dex+3}
 19909 | Lair:2   | Noticed Maggie
 19915 | Lair:2   | Killed Maggie
 22119 | Lair:3   | Reached ****** piety under Dithmenos
 22430 | Lair:3   | Found a staircase to the Shoals.
 23143 | Lair:4   | Found a hole to the Spider Nest.
 24266 | Lair:6   | Entered Level 6 of the Lair of Beasts
 24277 | Lair:6   | Found a viscous altar of Jiyva.
 24277 | Lair:6   | Found a staircase to the Slime Pits.
 24519 | Lair:6   | Reached XP level 15. HP: 75/75 MP: 19/33
 25422 | Lair:6   | Reached skill level 21 in Stealth
 25923 | Orc:1    | Entered Level 1 of the Orcish Mines
 26284 | Orc:1    | Found a runed translucent door.
 26481 | Orc:2    | Entered Level 2 of the Orcish Mines
 26482 | Orc:2    | Found a staircase to the Elven Halls.
 26565 | Orc:2    | Noticed Jorgrun
 26575 | Orc:2    | Found Xydein's Antique Armour Shop.
 26629 | Orc:2    | Found Xanuoxt's Magic Scroll Boutique.
 26639 | Orc:2    | Bought a scroll of blinking for 105 gold pieces
 26639 | Orc:2    | Bought a scroll of immolation for 49 gold pieces
 26833 | Orc:2    | Found an ancient bone altar of Kikubaaqudgha.
 26833 | Orc:2    | Noticed Nergalle
 26835 | Orc:2    | Found Utamn's Distillery.
 26844 | Orc:2    | Killed Nergalle
 26910 | Orc:2    | Bought a potion of curing for 33 gold pieces
 26910 | Orc:2    | Bought a potion of curing for 33 gold pieces
 26910 | Orc:2    | Bought a potion of curing for 33 gold pieces
 26912 | Orc:2    | Found a radiant altar of Vehumet.
 26912 | Orc:2    | Noticed Erolcha
 26920 | Orc:2    | Killed Erolcha
 27112 | Orc:2    | Paralysed by an orc sorcerer for 2 turns
 27119 | Orc:2    | Paralysed by an orc sorcerer for 7 turns
 27127 | Orc:2    | Found Cojiqoir's Book Boutique.
 27439 | Orc:2    | Noticed Josephine
 27780 | Orc:2    | Killed Josephine
 27943 | Orc:2    | Killed Jorgrun
 27994 | Orc:2    | Upgraded the game from 0.29-a0-251-g80730f7218 to
                  | 0.29-a0-266-gf56f883ddd
 28349 | Orc:2    | Bought a scroll of fear for 49 gold pieces
 28349 | Orc:2    | Bought a scroll of teleportation for 42 gold pieces
 28679 | D:15     | Entered Level 15 of the Dungeon
 28762 | D:15     | Learned a level 1 spell: Apportation
 28939 | D:15     | Reached skill level 15 in Hexes
 29205 | D:15     | Reached skill level 15 in Spellcasting
 29425 | D:15     | Found Umelaw's Weapon Shop.
 29532 | D:15     | Found a staircase to the Depths.
 29698 | D:15     | Reached skill level 22 in Stealth
 30012 | Spider:1 | Entered Level 1 of the Spider Nest
 30014 | Spider:1 | Noticed Frances
 30017 | Spider:1 | Killed Frances
 30055 | Spider:1 | Reached XP level 16. HP: 69/83 MP: 27/36
 30359 | Spider:1 | Noticed Asterion
 30361 | Spider:1 | Killed Asterion
 30394 | Spider:1 | Noticed Kirke
 30400 | Spider:1 | Killed Kirke
 31312 | Spider:2 | Noticed Louise
 31315 | Spider:2 | Killed Louise
 31791 | Spider:2 | Noticed Mlioglotl
 31791 | Spider:2 | Identified Roxanne's Compendium of Clay
 31791 | Spider:2 | Noticed Roxanne
 31806 | Spider:2 | Killed Mlioglotl
 31817 | Spider:2 | Killed Roxanne
 32594 | Spider:2 | Noticed Arachne
 32597 | Spider:2 | Killed Arachne
 32598 | Spider:2 | Reached skill level 15 in Dodging
 32598 | Spider:2 | Reached skill level 23 in Stealth
 33163 | Spider:3 | Identified the +10 long sword of Fury {elec, Str+2 Dex+2}
 33228 | Spider:3 | Identified the ring of the Coward {+Blink rF+ Dex-2 Stlth+}
 33750 | Spider:3 | Reached XP level 17. HP: 88/88 MP: 38/38
 34071 | Spider:3 | Reached skill level 10 in Fighting
 34144 | Spider:4 | Entered Level 4 of the Spider Nest
 34435 | Shoals:1 | Entered Level 1 of the Shoals
 34710 | Shoals:1 | Learned a level 3 spell: Stone Arrow
 34804 | Shoals:1 | Found Uneug's Gadget Gallery.
 35327 | Shoals:1 | Reached skill level 1 in Earth Magic
 35391 | Shoals:1 | Found Qirhural's Mass Market.
 35659 | Shoals:2 | Found a runed translucent door.
 35663 | Shoals:2 | Noticed Celuu's ghost (adept MiBe)
 35771 | Shoals:2 | Identified the +9 quarterstaff "Grim" {vorpal, rN+ Int+2}
 36239 | Shoals:2 | Identified the +0 robe "Xuiprye" {+Blink rPois Int+3}
 36480 | Shoals:3 | Noticed Polyphemus
 37066 | Shoals:3 | Killed Polyphemus
 37565 | Shoals:3 | Noticed Bai Suzhen
 37567 | Shoals:3 | Killed Bai Suzhen
 37757 | Shoals:4 | Entered Level 4 of the Shoals
 38721 | Depths:1 | Entered Level 1 of the Depths
 38760 | Depths:1 | Reached skill level 24 in Stealth
 38882 | Depths:1 | Reached XP level 18. HP: 44/95 MP: 32/40
 39096 | Depths:1 | Found Fihi's Distillery.
 39105 | Depths:1 | Bought a potion of curing for 54 gold pieces
 39105 | Depths:1 | Bought a potion of heal wounds for 90 gold pieces
 39105 | Depths:1 | Bought a potion of curing for 54 gold pieces
 39105 | Depths:1 | Bought a potion of resistance for 180 gold pieces
 39105 | Depths:1 | Bought a potion of flight for 54 gold pieces
 39105 | Depths:1 | Bought a potion of curing for 54 gold pieces
 39105 | Depths:1 | Bought a potion of berserk rage for 90 gold pieces
 39416 | Depths:1 | Found a gateway to Hell.
 39713 | Depths:1 | Found a sparkling altar of Nemelex Xobeh.
 40421 | Depths:2 | Noticed a tentacled monstrosity
 40426 | Depths:2 | Killed a tentacled monstrosity
 40510 | Depths:2 | HP: 1/96 [frost giant/+1 battleaxe of freezing[a glowing
                  | orange brain] (10)]
 40818 | Depths:2 | Identified the +4 bardiche of Aneocs {pain, rElec Will++}
 41125 | Elf:1    | Entered Level 1 of the Elven Halls
 41331 | Elf:1    | Noticed Agnes
 41333 | Elf:1    | Killed Agnes
 41841 | Elf:1    | Found a shimmering altar of Xom.
 42074 | Elf:1    | Identified the +7 halberd of the Hierophant {vamp, rF++
                  | rC+}
 42087 | Elf:1    | Paralysed by an air elemental for 1 turns
 42095 | Elf:1    | Paralysed by an air elemental for 1 turns
 42101 | Elf:1    | Paralysed by an air elemental for 1 turns
 42107 | Elf:1    | Paralysed by an air elemental for 1 turns
 42340 | Elf:1    | Paralysed by an air elemental for 1 turns
 42367 | Elf:1    | Identified the +9 flail of War {vorpal, rN+ rCorr}
 42368 | Elf:1    | Paralysed by an air elemental for 1 turns
 42370 | Elf:1    | Slain by a +2 scimitar of holy wrath

Illustrated notes

Levels and vault maps discovered:
D:1:      giann_bridges, layout_basic, shapermc_ecumenical_altar_mp_urbaneastern
D:2:      cheibrodos_old_hovel, layout_basic, basic_altar, kennysheep_nub,
          uniq_natasha
D:3:      layout_loops_ring, serial_shops, shop
D:4:      layout_loops_cross, minmay_temple_entry_grid, portal_sewer_entry_c,
          uniq_robin, uniq_pikel
D:5:      layout_basic, dancing_weapons_uskayaw, uniq_duvessa
D:6:      kb_forest_paths, layout_basic, uniq_grinder
D:7:      layout_basic, uniq_prince_ribbit1
D:8:      layout_rooms, uniq_harold, uniq_joseph
D:9:      layout_basic, david_lair_shrubbed, orc_0_dummy
D:10:     layout_loops_ring, chequers_big_river, uniq_grum
D:11:     layout_basic, kennysheep_generic_room_15
D:12:     layout_long_grid, uniq_fannar
D:13:     layout_rooms
D:14:     lemuel_ice_statue, layout_loops_ring, david_vaults_1, serial_shops,
          shop_fountains, chequers_serial_rivers_micro_c
D:15:     hangedman_depths_entry_try_elsewhere_first, layout_rooms,
          serial_shops, shop, nicolae_splish_splash
Temple:   minmay_crystal_snake_temple
Lair:1:   layout_regular_city
Lair:2:   layout_cave_pods, portal_ice_cave_entry_imps, serial_forest,
          infiniplex_forest_fountain, infiniplex_forest_3_way,
          infiniplex_forest_lined_1, infiniplex_forest_lined_corner,
          infiniplex_forest_zigzag_1, infiniplex_forest_corner_1,
          infiniplex_forest_lined_room_2, columned_hall_lemuel,
          kennysheep_rathole, uniq_maggie
Lair:3:   layout_regular_city, minmay_shoals_entry_hut
Lair:4:   layout_gridlike, spider_nest_entry_webs,
          chequers_serial_rivers_small_3, disabler_island,
          infiniplex_staircase_pool_2, grunt_megastairs_3
Lair:5:   layout_gridlike
Lair:6:   minmay_lair_end_frog_pond, layout_misc_corridors, slime_altar_1,
          serial_bayou_shore_a
Shoals:1: layout_shoals, minmay_shop_mass, nicolae_shop_gadgets
Shoals:2: layout_shoals, ebering_ghost_inner_flame, nzn_prometheus_bound
Shoals:3: layout_shoals, uniq_polyphemus, uniq_bai_suzhen
Shoals:4: shoals_end_hellmonk_lost_city, serial_shops
Spider:1: layout_spider_delve, uniq_asterion, uniq_frances, uniq_kirke
Spider:2: layout_chambers, hellmonk_test_site, uniq_arachne, uniq_mlioglotl,
          uniq_roxanne, uniq_louise
Spider:3: layout_spider_delve, nicolae_spider_bzzzt
Spider:4: guppyfry_spider_rune, ebering_ghost_disaster_area, nicolae_orb_stairs
Orc:1:    dreamdust_dug_too_deep, layout_caves
Orc:2:    kennysheep_orc_mage_school, layout_diamond_mine, uniq_jorgrun,
          uniq_josephine
Elf:1:    minmay_elf_arrival_summoners, layout_gridlike, basic_altar,
          orc_legates, uniq_agnes
Depths:1: layout_gridlike, hellmouth_3, minivault_14, nemelex_altar_shiori,
          grunt_megastairs_5, minmay_shop_star
Depths:2: minmay_the_grid_octo_tiled_squarecenter
          [minmay_the_grid_octo_fat_diamond, minmay_the_grid_octo_empty,
          minmay_the_grid_octo_clover, minmay_the_grid_octo_fan_narrow,
          minmay_the_grid_square_5x5_megaprize_crossed,
          minmay_the_grid_square_5x5_eight_small,
          minmay_the_grid_square_5x5_n_small,
          minmay_the_grid_square_5x5_minibox,
          minmay_the_grid_square_5x5_three_small], layout_cave_shapes,
          hell_entry, abyss_entry_small_statue_room, pan_entry,
          chequers_serial_rivers_micro_b, kennysheep_treasure_room,
          infiniplex_staircase_pool_1

Skill      XL: |  1  2  3  4  5  6  7  8  9 10 11 12 13 14 15 16 17 18 |
---------------+-------------------------------------------------------+-----
Spellcasting   | 3 4 5 7 9 10 11 12 13 15 16 17 | 17.6
Hexes          | 4 5 6 7 9 10 11 12 14 15 16 18 19 | 19.3
Stealth        | 5 7 8 10 11 18 20 22 23 24 | 24.6
Dodging        | 5 6 7 10 12 13 15 16 17 | 17.0
Fighting       | 2 3 4 6 7 8 9 10 11 | 11.1
Short Blades   | 3 4 8 9 10 11 12 | 12.0
Earth Magic    | 3 |  3.0

Action                   |  1- 3 |  4- 6 |  7- 9 | 10-12 | 13-15 | 16-18 || total
-------------------------+-------+-------+-------+-------+-------+-------++-------
Melee: Dagger            |    83 |   165 |   228 |   209 |   892 |   582 ||  2159
       Spear             |     3 |       |       |       |       |       ||     3
       Punch             |     1 |     1 |     5 |     5 |       |       ||    12
       Short sword       |       |    51 |       |       |       |       ||    51
       Rapier            |       |       |       |       |       |    19 ||    19
Throw: Dart              |     3 |       |       |       |       |       ||     3
 Cast: Ensorcelled Hiber |     8 |    35 |    65 |    86 |   244 |   224 ||   662
       Tukima's Dance    |     3 |     1 |    20 |    13 |    15 |    26 ||    78
       Confusing Touch   |       |     1 |     9 |     5 |    43 |    32 ||    90
       Stone Arrow       |       |       |       |       |       |     2 ||     2
Invok: Shadow Step       |       |       |       |       |     1 |     7 ||     8
Evoke: Wand              |       |       |     5 |       |     1 |     2 ||     8
       Condenser vane    |       |       |       |       |       |     4 ||     4
  Use: Scroll            |       |    13 |     2 |     6 |    16 |     8 ||    45
       Potion            |       |     1 |     1 |     6 |    11 |    22 ||    41
 Stab: Sleeping          |    15 |    33 |    53 |    64 |   303 |   277 ||   745
       Confused          |       |     1 |    10 |     4 |    40 |    30 ||    85
       Invisible         |       |     4 |       |     3 |     5 |     8 ||    20
       Distracted        |       |       |       |     2 |    13 |     7 ||    22
Armor: Robe              |    15 |    28 |    25 |    15 |    40 |       ||   123
       Steam dragon scal |       |       |       |       |     6 |    53 ||    59
Dodge: Dodged            |    72 |   227 |   152 |   157 |   633 |   502 ||  1743
Block: Orb               |       |       |       |       |       |    31 ||    31
       Reflection        |       |       |       |       |       |     2 ||     2

Table legend: (Time is in decaauts)
 A = Elapsed time spent in this place.
 B = Non-inter-level travel time spent in this place.
 C = Inter-level travel time spent in this place.
 D = Time resting spent in this place.
 E = Time spent auto-exploring this place.
 F = Levels seen in this place.
 G = Mean time per level.
                   A        B        C        D        E       F      G
               +--------+--------+--------+--------+--------+-----+--------+
         Total |  32081 |  30342 |   1739 |   7090 |  16882 |  37 |  867.1 |
       Dungeon |  15094 |  14273 |    821 |   2624 |   8727 |  15 | 1006.3 |
        Temple |    115 |     98 |     17 |      0 |     80 |   1 |  115.0 |
          Lair |   4664 |   4274 |    390 |    706 |   2805 |   6 |  777.3 |
        Shoals |   3401 |   3190 |    211 |   1200 |   1294 |   4 |  850.2 |
   Spider Nest |   3349 |   3193 |    156 |   1004 |   1577 |   4 |  837.2 |
  Orcish Mines |   1961 |   1855 |    106 |    334 |   1037 |   2 |  980.5 |
   Elven Halls |   1005 |   1005 |      0 |    374 |    460 |   1 | 1005.0 |
        Depths |   1626 |   1591 |     35 |    619 |    512 |   2 |  813.0 |
         Sewer |    798 |    798 |      0 |    226 |    386 |   1 |  798.0 |
      Ice Cave |     66 |     66 |      0 |      0 |      0 |   1 |   66.0 |
               +--------+--------+--------+--------+--------+-----+--------+

Top non-repeatable levels by time:
Spider:2: 1635 daAuts
     D:5: 1621 daAuts
   Orc:2: 1547 daAuts
Shoals:3: 1417 daAuts
    D:11: 1381 daAuts
     D:7: 1373 daAuts
     D:2: 1305 daAuts
     D:1: 1290 daAuts
     D:4: 1282 daAuts
  Lair:2: 1280 daAuts
Depths:1: 1221 daAuts
  Lair:6: 1080 daAuts
     D:6: 1019 daAuts
Shoals:1: 1015 daAuts
   Elf:1: 1005 daAuts
